 Dungeon Crawl Stone Soup version 0.30-a0-1123-gabc949cf19 (webtiles) character file.

Game seed: 7362248451812784785

73819 HoaS the Marksant (level 15, -5/129 HPs)
             Began as a Formicid Hunter on Apr 21, 2023.
             Was an Initiate of Gozag.
             Constricted to death by Jorgrun (13 damage)
             ... on level 1 of the Orcish Mines on Apr 22, 2023.
             The game lasted 00:48:53 (19331 turns).

HoaS the Marksant (Formicid Hunter)                Turns: 19331, Time: 00:48:53

Health: -5/129     AC: 11    Str: 15    XL:     15   Next: 91%
Magic:  15/15      EV: 26    Int: 11    God:    Gozag
Gold:   4286       SH:  0    Dex: 29    Spells: 14/14 levels left

rFire   . . .        a - +2 shortbow (drain)
rCold   + + +        (no shield)
rNeg    . . .        G - +4 skin of Zhor {*Englaciate rC+++ SInv}
rPois   +            (helmet unavailable)
rElec   .            (no cloak)
rCorr   .            i - +2 pair of gloves
SInv    +            v - +1 pair of boots
Will    +....        t - amulet of regeneration
Stlth   +++          g - +6 ring of dexterity
HPRegen 1.21/turn    p - ring of poison resistance
MPRegen 0.14/turn

%: no passive effects
@: grasped by roots, constricted
A: permanent stasis, dig shafts and tunnels, antennae 3, four strong arms
a: Dig, Shaft Self, Renounce Religion, Potion Petition, Call Merchant, Bribe
Branch


You were on level 1 of the Orcish Mines.
You worshipped Gozag.
Gozag was most pleased with you.
You visited 4 branches of the dungeon, and saw 19 of its levels.
You also visited: Bailey.

You collected 7039 gold pieces.
You spent 798 gold pieces at shops.
You paid 1955 gold pieces to Gozag.

Inventory:

Hand Weapons
 a - a +2 shortbow of draining (weapon)
 q - a +0 longbow of freezing
 H - a +0 triple crossbow of electrocution
 I - a +0 arbalest
Armour
 i - a +2 pair of gloves (worn)
 v - a +1 pair of boots (worn)
 G - the +4 skin of Zhor (worn) {*Englaciate rC+++ SInv}
   (You bought it in a shop on level 9 of the Dungeon)

   *Englaciate: It radiates cold, occasionally slowing all nearby creatures who
   are not resistant to cold.
   rC:        It renders you almost immune to cold.
   SInv:      It lets you see invisible.
Jewellery
 g - a +6 ring of dexterity (left hand)
 h - a ring of resist corrosion
 p - a ring of poison resistance (right hand)
 t - an amulet of regeneration (around neck)
 A - a ring of protection from fire
 E - a ring of flight
 F - a ring of positive energy
Wands
 f - a wand of iceblast (23)
 s - a wand of mindburst (8)
 x - a wand of polymorph (4)
 y - a wand of flame (20)
Scrolls
 b - 3 scrolls of immolation
 c - 5 scrolls of identify
 e - 3 scrolls of fog
 r - a scroll of silence
 B - a scroll of fear
 C - a scroll of magic mapping
 D - 3 scrolls of poison
Potions
 d - 8 potions of curing
 j - a potion of lignification
 k - 3 potions of ambrosia
 l - a potion of mutation
 m - a potion of resistance
 n - 2 potions of invisibility
 o - 3 potions of flight
 u - 2 potions of attraction
 w - a potion of cancellation
 z - 2 potions of heal wounds


   Skills:
 + Level 15.4 Fighting
 - Level 16.0 Ranged Weapons
 - Level 16.0 Dodging
 - Level 1.2 Stealth


You had 14 spell levels left.
You didn't know any spells.
Your spell library contained the following spells:

 Spells                   Type           Power      Damage    Failure   Level
 Beastly Appendage        Tmut           0%         N/A       34%         1
 Shock                    Conj/Air       0%         1d3       34%         1
 Sting                    Tmut/Pois      0%         1d3       34%         1
 Cigotuvi's Dreadful Rot  Necr/Pois/Air  0%         N/A       47%         2
 Ensorcelled Hibernation  Hex/Ice        0%         N/A       47%         2
 Lesser Beckoning         Tloc           0%         N/A       47%         2
 Wereblood                Tmut           0%         N/A       47%         2
 Gell's Gravitas          Tloc           0%         N/A       71%         3
 Hailstorm                Conj/Ice       0%         3d3       71%         3
 Ignite Poison            Fire/Tmut/Pois 0%         N/A       71%         3
 Inner Flame              Hex/Fire       0%         N/A       71%         3
 Portal Projectile        Hex/Tloc       0%         N/A       71%         3
 Spider Form              Tmut/Pois      0%         N/A       71%         3
 Summon Guardian Golem    Hex/Summ       0%         N/A       71%         3
 Teleport Other           Tloc           0%         N/A       71%         3
 Tukima's Dance           Hex            0%         N/A       71%         3
 Volatile Blastmotes      Fire/Tloc      0%         2d10      71%         3
 Airstrike                Air            0%         2d(0-16)  98%         4
 Fulminant Prism          Conj/Hex       0%         3d5       98%         4
 Ice Form                 Ice/Tmut       0%         N/A       98%         4
 Iskenderun's Mystic Bla  Conj/Tloc      0%         2d3       98%         4
 Summon Ice Beast         Ice/Summ       0%         N/A       98%         4
 Blade Hands              Tmut           0%         N/A       100%        5
 Freezing Cloud           Conj/Ice/Air   0%         6-21      100%        5
 Irradiate                Conj/Tmut      0%         3d11      100%        5
 Lee's Rapid Deconstruct  Erth           0%         3d4*      100%        5
 Yara's Violent Unravell  Hex/Tmut       0%         3d3       100%        5
 Dragon Form              Tmut           0%         N/A       100%        7
 Enfeeble                 Hex            0%         N/A       100%        7
 Orb of Destruction       Conj           0%         9d5       100%        7
 Spellforged Servitor     Conj/Summ      0%         N/A       100%        7
 Swiftness                Air            Unusable   N/A       N/A         3
 Simulacrum               Ice/Necr       Unusable   N/A       N/A         6

Dungeon Overview and Level Annotations

Branches:
Dungeon (12/15)            Temple (1/1) D:4            Lair (5/5) D:9
 Shoals (0/4) Lair:2        Snake (0/4) Lair:2        Slime (0/5) Lair:5
    Orc (1/2) D:11         Bailey (visited)

Altars:
Ashenzari
Cheibriados
Dithmenos
Elyvilon
Fedhas
Gozag
Hepliaklqana
Kikubaaqudgha
Makhleb
Nemelex Xobeh
Okawaru
Qazlal
Ru
Sif Muna
Trog
Uskayaw
Vehumet
Wu Jian
Xom
Yredelemnul
Zin
The Shining One
Jiyva

Shops:
D:4 :   D:9 [[

Portals:
Hell: Lair:5

Annotations:
D:8 2 transporters, exclusion: obsidian statue
Orc:1 Jorgrun


Innate Abilities, Weirdness & Mutations

You cannot be hasted, slowed, berserked, paralysed or teleported.
You can dig through walls and to a lower floor.
You have a pair of large antennae on your head. (SInv)
Your four strong arms can wield two-handed weapons with a shield.


Message History

You feel much better.
Jorgrun gestures at the rock wall while chanting.
Some rock shatters into small pieces.
The grasping roots constrict you!
Your limbs are stiffening.
You shoot an arrow. The arrow hits Jorgrun!
You drain Jorgrun.
Jorgrun is severely wounded.
Jorgrun mutters some incantations to himself.
Jorgrun gestures at you while chanting. The iron shot misses you.
The grasping roots constrict you!
You have turned to stone.
The grasping roots constrict you!! The grasping roots constrict you!
You radiate an aura of cold.
Jorgrun seems to slow down.
Jorgrun casts a spell at you. You resist with significant effort.
The grasping roots constrict you!! The grasping roots constrict you!
Jorgrun is no longer moving slowly.
Jorgrun hits you with a +0 heavy quarterstaff.
The grasping roots constrict you! Jorgrun casts a spell at you.
The iron shot hits you! The grasping roots constrict you.
You turn to flesh and can move again.
The grasping roots release their grip on you.
Unknown command.
You shoot an arrow. The arrow closely misses Jorgrun.
Jorgrun points at you and mumbles some strange words.
Roots burst forth from the earth!
The grasping roots grab you! The grasping roots constrict you!
* * * LOW HITPOINT WARNING * * *
You shoot an arrow.
The arrow hits Jorgrun but does no damage.
You drain Jorgrun.
Jorgrun is severely wounded.
You shoot an arrow. The arrow barely misses Jorgrun.
Jorgrun hits you with a +0 heavy quarterstaff!
* * * LOW HITPOINT WARNING * * *
The grasping roots constrict you!
You die...
Your body crumbles into a pile of gold.

##... ... ###...##
..#. #.#.... .....
.....###.....
###......#......
###..###..#.....#
#.....#....g...#
#......#..@....#
###........##.....#
.##....##...####...##
#....###......#.#.##
##....####.....# ##
###......#......##
#.###..........##
.<#.##...)....#....
.[...##....####.....


You could see Jorgrun (empowered, drained).

Vanquished Creatures
  A quicksilver ooze (Lair:5)
  Josephine (D:11)
  4 hydras
  A boulder beetle (D:12)
  A centaur warrior (D:10)
  A catoblepas (Lair:5)
  5 two-headed ogres
  Urug (D:11)
  A sun demon (Lair:5)
  4 skysharks
  A lindwurm (Lair:4)
  A wizard (Lair:5)
  2 orc knights
  2 cyclopes
  A wolf spider (Lair:2)
  An orc sorcerer (D:12)
  An ugly thing (D:12)
  2 manticores (D:11)
  16 elephants
  3 merfolk sirens (Lair:2)
  6 black mambas
  A guardian serpent (Lair:2)
  A smoke demon (Lair:5)
  A gargoyle (D:12)
  2 orange demons (Lair:5)
  An unseen horror (D:11)
  9 cane toads
  3 rime drakes
  2 kobold demonologists
  11 komodo dragons
  2 red devils (Lair:5)
  An ice devil (Lair:5)
  A merfolk (Lair:2)
  3 trolls (D:12)
  Prince Ribbit (Bailey)
  2 polar bears
  19 blink frogs
  17 dream sheep
  7 slime creatures
  4 shadows
  7 wraiths
  6 humans (Bailey)
  2 vampires
  7 wyverns
  88 yaks
  4 basilisks
  3 steam dragons
  12 vampire mosquitoes
  A warg (Orc:1)
  2 acid dragons
  21 water moccasins
  4 hell hounds (Lair:5)
  3 ice beasts
  5 orc warriors
  2 black bears
  2 sky beasts
  5 ogres
  18 wolves
  A centaur (D:8)
  A phantom (D:11)
  6 kobold brigands
  27 bullfrogs
  5 necrophages (Lair:4)
  6 scorpions
  10 wights
  26 killer bees
  A troll zombie (D:11)
  An electric eel (Lair:2)
  6 orc priests
  7 jellies
  2 gnoll boudas
  3 hounds
  6 hell rats (Lair:1)
  A sleepcap (D:7)
  4 iguanas
  7 orc wizards
  A statue (D:6)
  5 ogre zombies (D:11)
  Robin (D:4)
  6 adders
  29 gnolls
  A white imp (D:7)
  2 ufetubi
  2 dart slugs (D:2)
  51 orcs
  9 endoplasms
  3 giant cockroaches
  22 hobgoblins
  2 jackals (D:3)
  58 kobolds
  5 quokkas
  4 ball pythons
  5 bats
  23 goblins
  A goblin zombie (D:11)
  A hobgoblin skeleton (D:11)
  2 hobgoblin zombies (D:11)
  4 orc skeletons (D:11)
  11 orc zombies (D:11)
  3 rats
707 creatures vanquished.

Vanquished Creatures (others)
  2 bushes
  24 fungi
  83 plants
109 creatures vanquished.

Grand Total: 816 creatures vanquished

Notes
Turn   | Place    | Note
-------+----------+-------------------------------------------
     0 | D:1      | HoaS the Formicid Hunter began the quest for the Orb.
     0 | D:1      | Reached XP level 1. HP: 16/16 MP: 1/1
    83 | D:1      | Reached XP level 2. HP: 22/22 MP: 2/2
   195 | D:1      | Upgraded the game from 0.30-a0-1114-gd936c97349 to
                  | 0.30-a0-1123-gabc949cf19
   362 | D:1      | Reached XP level 3. HP: 27/27 MP: 3/3
   671 | D:1      | Found a faded altar of an unknown god.
   859 | D:2      | Reached skill level 5 in Ranged Weapons
  1345 | D:1      | Reached XP level 4. HP: 31/33 MP: 4/4
  2136 | D:3      | Found a blossoming altar of Fedhas.
  2170 | D:3      | Reached XP level 5. HP: 38/38 MP: 5/5
  2664 | D:3      | Found a hazy altar of Hepliaklqana.
  3288 | D:4      | Found Fietreima's Self-Improvement Boutique.
  3353 | D:4      | Reached XP level 6. HP: 44/44 MP: 6/6
  3611 | D:4      | Noticed Robin
  3620 | D:4      | Killed Robin
  3682 | D:4      | Found a staircase to the Ecumenical Temple.
  3697 | Temple   | Entered the Ecumenical Temple
  3891 | Temple   | Became a worshipper of Gozag Ym Sagoz the Greedy
  3964 | D:4      | Reached XP level 7. HP: 50/50 MP: 7/7
  4171 | D:5      | Entered Level 5 of the Dungeon
  4317 | D:5      | Reached XP level 8. HP: 56/56 MP: 8/8
  4688 | D:5      | Reached skill level 10 in Ranged Weapons
  4962 | D:5      | Reached XP level 9. HP: 61/61 MP: 9/9
  5227 | D:5      | Found a bloodstained altar of Trog.
  6394 | D:6      | Found a radiant altar of Vehumet.
  6566 | D:6      | Reached XP level 10. HP: 53/67 MP: 10/10
  7005 | D:7      | Found a glowing silver altar of Zin.
  7540 | D:8      | Found a white marble altar of Elyvilon.
  7692 | D:8      | Noticed a centaur warrior
  7694 | D:8      | Noticed a purple ugly thing
  7695 | D:8      | Noticed a yaktaur
  7695 | D:8      | Noticed a komodo dragon
  7695 | D:8      | Noticed a centaur warrior
  7696 | D:8      | Found a transporter.
  7696 | D:8      | Noticed an obsidian statue
  7698 | D:8      | Found a transporter.
  7718 | D:8      | Reached skill level 15 in Ranged Weapons
  7774 | D:8      | Found a flagged portal.
  7783 | Bailey   | Entered a bailey
  7953 | Bailey   | Reached XP level 11. HP: 72/72 MP: 11/11
  7979 | Bailey   | Noticed Prince Ribbit
  7998 | Bailey   | Killed Prince Ribbit
  8191 | Bailey   | Noticed a vault guard
  8209 | D:8      | Identified the +3 hand axe of the Dungeon {heavy, rF+ Int-2
                  | Stlth+}
  8389 | D:9      | Noticed a two-headed ogre
  8396 | D:9      | Killed a two-headed ogre
  8406 | D:9      | Found a staircase to the Lair.
  8481 | D:9      | Reached skill level 5 in Dodging
  8768 | D:9      | Found an ornate altar of the Wu Jian Council.
  8916 | D:9      | Reached skill level 5 in Fighting
  9229 | D:9      | Noticed a two-headed ogre
  9234 | D:9      | Killed a two-headed ogre
  9471 | Lair:1   | Entered Level 1 of the Lair of Beasts
  9766 | Lair:1   | Reached XP level 12. HP: 88/88 MP: 12/12
 11011 | Lair:2   | Found a staircase to the Snake Pit.
 11017 | Lair:2   | Noticed a skyshark
 11047 | Lair:2   | Killed a skyshark
 11275 | Lair:2   | Reached skill level 10 in Dodging
 11349 | Lair:2   | Reached XP level 13. HP: 60/100 MP: 13/13
 12145 | Lair:2   | Found a staircase to the Shoals.
 12264 | Lair:2   | Noticed a five-headed hydra
 12277 | Lair:2   | Killed a five-headed hydra
 12704 | Lair:2   | Reached skill level 10 in Fighting
 13267 | Lair:3   | Identified the +2 leather armour of Gepeviho {SInv}
 13847 | Lair:3   | Reached XP level 14. HP: 81/113 MP: 14/14
 14884 | Lair:5   | Entered Level 5 of the Lair of Beasts
 15142 | Lair:5   | Got the Compendium of the Mutagenic Wendigo
 15479 | Lair:5   | Found a staircase to the Slime Pits.
 15480 | Lair:5   | Found a viscous altar of Jiyva.
 15892 | Lair:5   | Noticed a quicksilver ooze
 15906 | Lair:5   | Killed a quicksilver ooze
 16031 | Lair:5   | Identified the +1 robe "Dawow" {Dex+2}
 16174 | Lair:5   | Reached XP level 15. HP: 122/122 MP: 15/15
 16180 | Lair:5   | Reached skill level 15 in Dodging
 16490 | Lair:5   | Found a burning altar of Makhleb.
 16652 | Lair:5   | Found a gateway to Hell.
 16969 | D:9      | Bought the +4 skin of Zhor {*Englaciate rC+++ SInv} for 798
                  | gold pieces
 16969 | D:9      | Found the +4 skin of Zhor {*Englaciate rC+++ SInv}
 16993 | D:10     | Entered Level 10 of the Dungeon
 17777 | D:11     | Noticed Urug
 17787 | D:11     | Killed Urug
 18083 | D:11     | Found a staircase to the Orcish Mines.
 18217 | D:11     | Noticed Josephine
 18225 | D:11     | Killed Josephine
 18864 | D:12     | Reached skill level 15 in Fighting
 19203 | Orc:1    | Entered Level 1 of the Orcish Mines
 19310 | Orc:1    | Noticed Jorgrun
 19331 | Orc:1    | Constricted to death by Jorgrun

Illustrated notes

Levels and vault maps discovered:
D:1:      amcnicky_arrival_choice, layout_basic,
          shapermc_ecumenical_altar_petra, minmay_misc_feat_alley,
          minmay_distorted
D:2:      minmay_door_path, layout_basic, serial_forest,
          infiniplex_forest_clump_cross, infiniplex_forest_clump_double,
          infiniplex_forest_clump_double, infiniplex_forest_pool,
          infiniplex_forest_split, infiniplex_forest_clump_C,
          infiniplex_forest_clump_double, infiniplex_forest_end_double,
          nicolae_grassy_gnolls
D:3:      layout_basic, fedhas_altar_2, nicolae_hepliaklqana_hazy_memory
D:4:      layout_rooms, minmay_temple_entry_ruins, nicolae_shop_self_help,
          uniq_robin
D:5:      minmay_goblin_kobold_castle, layout_rooms,
          nicolae_overflow_crystal_walls
D:6:      corexii_shantytown, layout_basic, vehumet_statue,
          minmay_misc_feat_diagonals
D:7:      layout_basic, zin_academy
D:8:      gammafunk_sealed_arena, layout_rooms, mainiacjoe_overflow_alcove_1,
          enter_bailey_2, mrwooster_statue_mirror
D:9:      layout_loops_ring, nzn_wu_jian_council_hall, minmay_lair_entry_grove
D:10:     layout_gridville
D:11:     layout_roguey, zombieorc1_lemuel, uniq_josephine, uniq_urug
D:12:     layout_cave_pools, lightli_minifort
Temple:   nicolae_temple_bog_church
Lair:1:   layout_loops_ring, chequers_serial_rivers_room_b
Lair:2:   layout_roguey, elwin_shoals_entry_stream,
          minmay_snake_entry_spellcaster, nicolae_quartered_pool_medium,
          nicolae_lair_run_with_the_wolves, grunt_megastairs_1,
          infiniplex_staircase_pool
Lair:3:   layout_regular_city, beast_lair_carwin_2
Lair:4:   layout_cellular_growth, nicolae_volcano_entry_vermiform,
          roderic_carrion_pond, grunt_megastairs_3
Lair:5:   evil_forest, layout_hall_layers, slime_entry_1,
          nicolae_lair_time_for_slime
Orc:1:    layout_diamond_mine, elf_legates, uniq_jorgrun

Skill      XL: |  1  2  3  4  5  6  7  8  9 10 11 12 13 14 15 |
---------------+----------------------------------------------+-----
Ranged Weapons | 5 6 7 9 11 13 15 16 | 16.0
Dodging        | 7 10 12 14 16 | 16.0
Fighting       | 6 8 11 12 15 | 15.4
Stealth        | |  1.2

Action                     |  1- 3 |  4- 6 |  7- 9 | 10-12 | 13-15 || total
---------------------------+-------+-------+-------+-------+-------++-------
   Fire: Shortbow          |    90 |   139 |   356 |   750 |  1692 ||  3027
 Invoke: Call Merchant     |       |       |       |     1 |     1 ||     2
         Potion Petition   |       |       |       |       |     2 ||     2
    Use: Scroll            |     3 |     7 |     9 |     8 |    10 ||    37
         Potion            |       |       |       |     2 |     4 ||     6
 Armour: Leather armour    |    10 |     6 |    19 |    62 |    76 ||   173
         Animal skin       |       |       |       |       |    12 ||    12
  Dodge: Dodged            |    28 |    25 |    53 |   263 |   765 ||  1134

Table legend: (Time is in decaauts)
 A = Elapsed time spent in this place.
 B = Non-inter-level travel time spent in this place.
 C = Inter-level travel time spent in this place.
 D = Time resting spent in this place.
 E = Time spent auto-exploring this place.
 F = Levels seen in this place.
 G = Mean time per level.
                   A        B        C        D        E       F      G
               +--------+--------+--------+--------+--------+-----+--------+
         Total |  18792 |  17722 |   1070 |   2490 |  10841 |  20 |  939.6 |
       Dungeon |  11251 |  10631 |    620 |   1313 |   6944 |  12 |  937.6 |
        Temple |    214 |    189 |     25 |      0 |    175 |   1 |  214.0 |
          Lair |   6830 |   6406 |    424 |   1008 |   3599 |   5 | 1366.0 |
  Orcish Mines |     92 |     92 |      0 |      0 |     41 |   1 |   92.0 |
        Bailey |    403 |    403 |      0 |    168 |     81 |   1 |  403.0 |
               +--------+--------+--------+--------+--------+-----+--------+

Top non-repeatable levels by time:
  Lair:2: 1644 daAuts
  Lair:5: 1549 daAuts
  Lair:1: 1451 daAuts
     D:9: 1360 daAuts
     D:5: 1334 daAuts
     D:3: 1266 daAuts
     D:2: 1117 daAuts
     D:6: 1116 daAuts
  Lair:3: 1093 daAuts
  Lair:4: 1090 daAuts
     D:4: 961 daAuts
    D:11: 830 daAuts
     D:1: 790 daAuts
     D:7: 777 daAuts
    D:10: 696 daAuts
